 Dungeon Crawl Stone Soup version 0.21.1-1-g345015fe64 (webtiles) character file.

3185 KingHarkinian the Severer (level 9, 0/70 HPs)
             Began as a Minotaur Berserker on Apr 16, 2018.
             Was an Elder of Trog.
             Slain by a seven-headed hydra (10 damage)
             ... on level 8 of the Dungeon.
             The game lasted 00:32:04 (7901 turns).

KingHarkinian the Severer (Minotaur Berserker)      Turns: 7901, Time: 00:32:05

Health: 0/70       AC:  9    Str: 21    XL:     9   Next: 64%
Magic:  8/8        EV: 11    Int:  4    God:    Trog [****..]
Gold:   510        SH:  0    Dex: 17    Spells: 8/8 levels left

rFire    . . .     SeeInvis .   J - +0 battleaxe
rCold    . . .     Gourm    .   (shield currently unavailable)
rNeg     . . .     Faith    .   I - +0 scale mail
rPois    .         Spirit   .   (helmet restricted)
rElec    .         Reflect  .   x - +0 cloak
rCorr    .         Harm     .   (no gloves)
MR       .....                  v - +1 pair of boots
Stlth    ..........             (no amulet)
HPRegen  0.21/turn              n - +3 ring of dexterity
MPRegen  0.11/turn              (no ring)

@: about to teleport
A: retaliatory headbutt, horns 2
a: Berserk, Trog's Hand, Brothers in Arms, Burn Spellbooks, Renounce Religion


You were on level 8 of the Dungeon.
You worshipped Trog.
Trog was greatly pleased with you.
You were not hungry.

You visited 2 branches of the dungeon, and saw 10 of its levels.

You collected 510 gold pieces.


Innate Abilities, Weirdness & Mutations

You reflexively headbutt those who attack you in melee.
You have a pair of horns on your head.


   Skills:
 - Level 3.6 Fighting
 + Level 15.5 Axes
 - Level 2.4 Armour
 - Level 2.1 Dodging


You had 8 spell levels left.
You didn't know any spells.

Inventory:

Hand Weapons
 a - a +0 hand axe
 y - a +2 flail of protection
 G - a +0 war axe
 J - a +0 battleaxe (weapon)
Missiles
 c - 220 stones (quivered)
 j - 6 curare-tipped needles {=f}
 B - 4 tomahawks
 Z - a throwing net {=f}
Armour
 p - a +0 ring mail
 v - a +1 pair of boots (worn)
 x - a +0 cloak (worn)
 I - a +0 scale mail (worn)
Magical Staves
 F - an uncursed staff of fire {unknown}
Jewellery
 k - a cursed amulet of inaccuracy
 n - a +3 ring of dexterity (left hand)
Wands
 A - a wand of random effects (23)
 D - a wand of digging (18)
 V - a wand of flame (4)
Scrolls
 b - a scroll of enchant armour
 m - a scroll of enchant weapon
 o - 2 scrolls of fear {unknown}
 q - a scroll of immolation {!r}
 s - 2 scrolls of random uselessness {unknown}
 t - 2 scrolls of blinking {unknown}
 u - 2 scrolls of amnesia {unknown}
 C - a scroll of noise {unknown}
 E - a scroll of holy word {unknown}
 M - 3 scrolls of magic mapping
 N - 7 scrolls of remove curse
 T - a scroll of teleportation {@r4}
Potions
 d - a potion of magic
 e - 3 potions of invisibility
 f - 2 potions of agility
 g - 2 potions of brilliance
 h - 4 potions of cancellation
 i - 2 potions of resistance
 l - 2 potions of heal wounds {@q2}
 r - 3 potions of flight
 w - a potion of might
 Q - 5 potions of curing {@q1}
Comestibles
 z - 16 rations

Dungeon Overview and Level Annotations

Branches:
Dungeon (9/15)             Temple (1/1) D:7
   Lair: D:8-11         Orc: D:9-12

Altars:
Ashenzari
Cheibriados
Dithmenos
Elyvilon
Fedhas
Gozag
Hepliaklqana
Kikubaaqudgha
Makhleb
Nemelex Xobeh
Okawaru
Qazlal
Ru
Sif Muna
Trog
Uskayaw
Vehumet
Wu Jian
Xom
Yredelemnul
Zin
The Shining One

#.#########.# #....#
#.......##..# #....#
#.......##..# #....# .#
#.......##..## ##....#
...#.##.#####...# #.....#
#...>..# #.#.## #.....#
###....#####.#..# #.#.###
#.#.....##.##.#####.#.# #
#.#.###..@D...........####
# #. ####.##..####.......
.> #.###.# ##.#.#... ..#
#.# #.###.[)).... .. #.#
#.....>#D##.. #... #.#
#..##.##.#### .#
##.###..#..##D# #[ ..
#..##..##.###.# #)
........#. #.#....##.#
#.###.


You could see a seven-headed hydra.


Message History

* * * LOW HITPOINT WARNING * * *
The seven-headed hydra closely misses you.
The seven-headed hydra bites you.
* * * LOW HITPOINT WARNING * * *
The seven-headed hydra closely misses you.
The seven-headed hydra bites you.
* * * LOW HITPOINT WARNING * * *
As you read the scroll of teleportation {@r4}, it crumbles to dust.
You feel strangely unstable.
The seven-headed hydra closely misses you.
The seven-headed hydra bites you!
* * * LOW HITPOINT WARNING * * *
The seven-headed hydra bites you.
* * * LOW HITPOINT WARNING * * *
The seven-headed hydra closely misses you.
The seven-headed hydra bites you.
* * * LOW HITPOINT WARNING * * *
The seven-headed hydra closely misses you.
The seven-headed hydra bites you.
* * * LOW HITPOINT WARNING * * *
The seven-headed hydra bites you!
* * * LOW HITPOINT WARNING * * *
The seven-headed hydra bites you!
* * * LOW HITPOINT WARNING * * *
The seven-headed hydra bites you.
* * * LOW HITPOINT WARNING * * *
The seven-headed hydra bites you but does no damage.
The seven-headed hydra barely misses you.
The seven-headed hydra bites you!
You die...

Action                   |  1- 3 |  4- 6 |  7- 9 || total
-------------------------+-------+-------+-------++-------
Melee: Hand axe          |    87 |   128 |   131 ||   346
       Headbutt          |    15 |    24 |    62 ||   101
       War axe           |       |       |   111 ||   111
       Battleaxe         |       |       |    52 ||    52
Throw: Stone             |   108 |   170 |   128 ||   406
       Javelin           |       |     6 |       ||     6
Invok: Berserk           |       |     1 |     6 ||     7
       Trog's Hand       |       |     1 |     3 ||     4
Evoke: Wand              |       |       |     2 ||     2
  Use: Scroll            |       |     7 |    12 ||    19
       Potion            |       |       |     1 ||     1
  Eat: Chunk             |     1 |     8 |    19 ||    28
       Ration            |       |       |     1 ||     1
Armor: Animal skin       |     8 |       |       ||     8
       Ring mail         |     1 |    29 |    50 ||    80
       Scale mail        |       |       |    21 ||    21
Dodge: Dodged            |    38 |    57 |   115 ||   210

Vault maps used:
D:1:      scummos_arrival_star, minmay_gold_behind_fungi
D:2:      cheibrodos_old_hovel, first_ration, minmay_splitting_lines, hex_tiny,
          serial_bayou_pond_a, tgw_trog
D:4:      cheibrodos_thug_alley, uniq_duvessa
D:5:      overflow_temple_1_default, trog_butcher_becter
D:6:      grunt_qazlal_sundering, uniq_blork_the_orc
D:7:      minmay_temple_entry_large_hall, uniq_menkaure
D:9:      minmay_lair_entry_lava, serial_shops, nicolae_shop_trees,
          kennysheep_mini_moat
Temple:   roderic_octagonal_lattice_temple

Notes
Turn   | Place    | Note
-------+----------+-------------------------------------------
     0 | D:1      | KingHarkinian the Minotaur Berserker began the quest for the Orb.
     0 | D:1      | Reached XP level 1. HP: 19/19 MP: 0/0
    16 | D:1      | Reached skill level 4 in Axes
    27 | D:1      | Reached XP level 2. HP: 24/26 MP: 1/1
   291 | D:1      | Reached skill level 5 in Axes
   415 | D:1      | Reached ** piety under Trog
   415 | D:1      | Reached XP level 3. HP: 24/31 MP: 2/2
  1041 | D:2      | Reached skill level 6 in Axes
  1041 | D:2      | Reached XP level 4. HP: 37/39 MP: 3/3
  1306 | D:2      | Noticed a moth of wrath
  1309 | D:2      | Found a bloodstained altar of Trog.
  1623 | D:3      | Reached *** piety under Trog
  2378 | D:4      | Identified 2 potions of resistance
  2405 | D:4      | Reached XP level 5. HP: 45/45 MP: 4/4
  2505 | D:4      | Reached skill level 7 in Axes
  2667 | D:4      | Noticed Dowan
  2675 | D:4      | Noticed Duvessa
  2680 | D:4      | Killed Duvessa
  2680 | D:4      | Reached skill level 8 in Axes
  2680 | D:4      | Reached XP level 6. HP: 51/51 MP: 5/5
  2684 | D:4      | Killed Dowan
  2871 | D:4      | Reached skill level 9 in Axes
  3406 | D:5      | Entered Level 5 of the Dungeon
  3406 | D:5      | Found a sacrificial altar of Ru.
  3411 | D:5      | Reached XP level 7. HP: 57/57 MP: 6/6
  3508 | D:5      | Reached **** piety under Trog
  3542 | D:5      | Reached skill level 10 in Axes
  3822 | D:5      | Found a bloodstained altar of Trog.
  4384 | D:6      | Found a stormy altar of Qazlal.
  4439 | D:6      | Reached skill level 11 in Axes
  4716 | D:6      | Noticed Blork the orc
  4733 | D:6      | Killed Blork the orc
  4779 | D:6      | Reached XP level 8. HP: 60/64 MP: 7/7
  4883 | D:6      | Reached skill level 12 in Axes
  5309 | D:7      | Found a staircase to the Ecumenical Temple.
  5309 | D:7      | Noticed Menkaure
  5311 | D:7      | Noticed a hippogriff
  5315 | D:7      | Killed Menkaure
  5319 | D:7      | Killed a hippogriff
  5327 | Temple   | Entered the Ecumenical Temple
  5668 | D:7      | Reached skill level 13 in Axes
  6446 | D:7      | Reached XP level 9. HP: 70/70 MP: 8/8
  6668 | D:8      | Reached skill level 14 in Axes
  6845 | D:8      | Noticed a seven-headed hydra
  7377 | D:8      | Reached skill level 15 in Axes
  7836 | D:9      | Noticed a two-headed ogre
  7901 | D:8      | Slain by a seven-headed hydra

Vanquished Creatures
  2 hippogriffs
  A hungry ghost (D:7)
  Menkaure (D:7)
  Duvessa (D:4)
  A water moccasin (D:6)
  A sky beast (D:7)
  3 orc warriors
  A phantom (D:8)
  2 centaurs
  A big kobold (D:4)
  Blork the orc (D:6)
  3 bullfrogs
  A gnoll sergeant (D:8)
  Dowan (D:4)
  2 scorpions
  3 wights (D:8)
  A howler monkey (D:5)
  3 crimson imps
  A bullfrog zombie (D:6)
  2 hounds
  2 jellies (D:8)
  2 centaur skeletons (D:7)
  4 orc priests
  6 orc wizards
  2 iguanas
  2 worker ants
  3 hound zombies
  A worker ant zombie (D:8)
  6 gnolls
  A howler monkey skeleton (D:5)
  5 adders
  A shadow imp (D:9)
  2 oozes
  An adder skeleton (D:6)
  6 worms
  5 dart slugs
  4 leopard geckos
  29 orcs
  7 giant cockroaches
  13 goblins
  11 hobgoblins
  3 jackals (D:2)
  9 kobolds
  4 quokkas
  2 ball pythons
  8 bats
  9 frilled lizards
  2 jackal skeletons
  A leopard gecko skeleton (D:6)
  16 rats
  A fungus (D:1)
200 creatures vanquished.
